 Dungeon Crawl Stone Soup version 0.29.1-1-gd02db6906a (webtiles) character file.

Game seed: 15229747944806054778

140 groovy9 the Magician (level 5, -1/39 HPs)
             Began as a Djinni Conjurer on Sept 26, 2022.
             Slain by an ogre
             ... wielding a +0 giant club
              (20 damage)
             ... on level 4 of the Dungeon.
             The game lasted 00:09:33 (3952 turns).

groovy9 the Magician (Djinni Conjurer)              Turns: 3952, Time: 00:09:33

Health: -1/39      AC:  5    Str:  6    XL:     5   Next: 47%
Gold:   182        EV: 11    Int: 25    God:
                   SH:  3    Dex: 13

rFire   + + +      SeeInvis .   u - staff of conjuration
rCold   x . .      Faith    .   c - +0 buckler
rNeg    . . .      Spirit   .   s - +1 robe of the Volcano {Will+ Int+3 Dex+2}
rPois   ∞          Reflect  .   (no helmet)
rElec   .          Harm     .   a - +0 cloak
rCorr   .          Rampage  .   m - +0 pair of gloves
Will    +....                   (boots unavailable)
Stlth   ++........              p - amulet of the acrobat
HPRegen 0.13/turn               q - ring of protection from fire
MPRegen 0.00/turn               (no ring)

@: flying, very slightly contaminated
A: sickness immunity, fire resistance 2, cold vulnerability 1, float, innate
caster, HP casting, extra vitality 1
a: no special abilities


You were on level 4 of the Dungeon.
You visited 1 branch of the dungeon, and saw 4 of its levels.

You collected 182 gold pieces.

Inventory:

Hand Weapons
 g - a +0 dagger
Armour
 a - a +0 cloak (worn)
 c - a +0 buckler (worn)
 m - a +0 pair of gloves (worn)
 s - the +1 robe of the Volcano (worn) {Will+ Int+3 Dex+2}
   (You found it on level 3 of the Dungeon)

   Int:       It affects your intelligence (+3).
   Dex:       It affects your dexterity (+2).
   Will:      It increases your willpower.
Magical Staves
 u - a staff of conjuration (weapon)
Jewellery
 p - an amulet of the acrobat (around neck)
 q - a ring of protection from fire (left hand)
Scrolls
 d - a scroll of blinking
 e - a scroll of identify
 l - a scroll of butterflies
Potions
 b - 2 potions of berserk rage
 f - 2 potions of flight
 n - 2 potions of mutation
 t - 2 potions of curing


   Skills:
 + Level 2.4 Fighting
 - Level 2.1 Dodging
 - Level 1.5 Stealth
 * Level 4.5 Spellcasting


You couldn't memorise any spells.
You knew the following spells:

 Your Spells              Type           Power      Damage    Failure   Level
a - Magic Dart            Conj           100%       1d8       1%          1
b - Searing Ray           Conj           84%        2d7       2%          2
c - Dazzling Flash        Conj/Hex       84%        N/A       5%          3
d - Fulminant Prism       Conj/Hex       21%        3d13      19%         4
e - Iskenderun's Mystic   Conj/Tloc      42%        2d10      19%         4
f - Apportation           Tloc           56%        N/A       1%          1
g - Scorch                Fire           56%        2d8       2%          2
Your spell library was empty.

Dungeon Overview and Level Annotations

Branches:
Dungeon (4/15)
 Temple: D:4-7

Altars:

Shops:
D:1 (


Innate Abilities, Weirdness & Mutations

You are immune to sickness and miasma.
You are immune to poison.
Your flesh is very heat resistant. (rF++)
You are vulnerable to cold. (rC-)
You float through the air rather than walking.
You learn spells naturally, not from books.
Your magical power is your life essence.
You have superior vitality. (+4 MHP)


Message History

The iguana is heavily wounded.
You feel a surge of power!
The magic dart hits the iguana.
The iguana is severely wounded.
Casting: Magic Dart (safe; 1% risk of failure)
Confirm with . or Enter, or press ? or * to list all spells.
Aiming: Searing Ray (safe; 3% risk of failure)
Press: ? - help, Shift-Dir - straight line, f/p - iguana
Aim: an iguana (severely wounded, 84% to hit)
You feel a surge of power!
The searing ray hits the iguana.
You kill the iguana! (Press . to maintain the ray.)
An ogre is nearby!
Okay, then.
The ogre shouts!
Casting: Searing Ray (safe; 2% risk of failure)
Confirm with . or Enter, or press ? or * to list all spells.
You can't see any susceptible monsters within range! (Use Z to cast anyway.)
Casting: Searing Ray (safe; 2% risk of failure)
Confirm with . or Enter, or press ? or * to list all spells.
Aiming: Searing Ray (safe; 2% risk of failure)
Press: ? - help, Shift-Dir - straight line, f - ogre
Aim: an ogre, wielding a +0 giant club (91% to hit)
You feel a surge of power!
The searing ray hits the ogre.
The ogre is lightly wounded. (Press . to maintain the ray.)
A goblin comes into view. It is wielding a +0 dagger.
The searing ray hits the ogre.
The ogre is moderately wounded.
The searing ray hits the ogre.
The ogre is heavily wounded.
The goblin shouts!
Casting: Searing Ray (safe; 2% risk of failure)
Confirm with . or Enter, or press ? or * to list all spells.
The spell is quite dangerous to miscast (19% risk of failure)!
Continue anyway?
You feel a surge of power!
You miscast Iskenderun's Mystic Blast.
You are very lightly contaminated with residual magic.
Energy rips through your body!
The ogre hits you with a +0 giant club!!
Ouch! That really hurt!
You die...

#.....### ##.......#
#......### #......##
##.......# ##........#
##.....#####
#......#.##
##@....##..##
#O..........#
............##
...............#
............##..###
..g...........#...#
....>.#.......#...###
.....###.#.#........##
....#..##.....#


You could see an ogre and a goblin.

Vanquished Creatures
  2 iguanas
  2 adders
  2 worms
  3 dart slugs (D:2)
  8 endoplasms
  A giant cockroach (D:1)
  4 goblins
  4 hobgoblins
  3 jackals (D:1)
  7 kobolds
  2 quokkas
  6 ball pythons
  5 bats
  3 frilled lizards
  5 rats
57 creatures vanquished.

Notes
Turn   | Place    | Note
-------+----------+-------------------------------------------
     0 | D:1      | groovy9 the Djinni Conjurer began the quest for the Orb.
     0 | D:1      | groovy9 set off with the following spells memorised: Magic
                  | Dart, Searing Ray, Dazzling Flash, Fulminant Prism,
                  | Iskenderun's Mystic Blast.
     0 | D:1      | Reached XP level 1. HP: 15/15 MP: 0/0
   297 | D:1      | Reached XP level 2. HP: 16/22 MP: 0/0
   621 | D:1      | Reached skill level 1 in Fighting
   825 | D:1      | Found Deoczouk's Weapon Boutique.
   930 | D:1      | Reached XP level 3. HP: 26/27 MP: 0/0
   930 | D:1      | Learned a level 1 spell: Apportation
   972 | D:1      | Found a faded altar of an unknown god.
  2272 | D:2      | Reached skill level 4 in Spellcasting
  2272 | D:2      | Reached XP level 4. HP: 24/33 MP: 0/0
  2909 | D:3      | Identified the +1 robe of the Volcano {Will+ Int+3 Dex+2}
  2945 | D:3      | Reached XP level 5. HP: 37/38 MP: 0/0
  2945 | D:3      | Learned a level 2 spell: Scorch
  3725 | D:4      | Noticed an ogre
  3952 | D:4      | Slain by an ogre

Illustrated notes

Levels and vault maps discovered:
D:1:      tarquinn_simple_flora_water_e, layout_basic, serial_shops,
          nicolae_shop_bloodbath_and_beyond, basic_ecumenical_altar,
          minmay_misc_feat_roman
D:2:      layout_rooms, kennysheep_boxes
D:3:      layout_loops_corners, mainiacjoe_overflow_small_starburst
D:4:      layout_cave_pools

Skill      XL: |  1  2  3  4 |
---------------+-------------+-----
Fighting       | 1 2 |  2.4
Spellcasting   | 4 |  4.5
Dodging        | |  2.1
Stealth        | |  1.5

Action                   |  1- 3 |  4- 6 || total
-------------------------+-------+-------++-------
 Cast: Magic Dart        |    86 |    35 ||   121
       Searing Ray       |     4 |     6 ||    10
       Scorch            |       |     1 ||     1
  Use: Scroll            |       |     8 ||     8
       Potion            |       |     4 ||     4
Armor: Robe              |     5 |     1 ||     6
Dodge: Dodged            |    12 |     7 ||    19
Block: Buckler           |       |     2 ||     2
